[Event "FIDE WCCC Open-08 2024"]
[Site "Montesilvano"]
[Date "2024.11.18"]
[Round "3.24"]
[White "Kiss, Lorinc Istvan"]
[Black "Ulan, Rizat"]
[Result "0-1"]
[ECO "B28"]
[WhiteElo "1501"]
[BlackElo "1783"]
[PlyCount "60"]
[EventDate "2024.11.18"]
[EventType "swiss"]
[EventCountry "ITA"]
[TimeControl "5400+30"]

1. e4 c5 2. Nf3 a6 3. d4 cxd4 4. Nxd4 Nf6 5. e5 Qa5+ 6. c3 Qxe5+ 7. Be2 e6 8. Be3 Be7 9. Nd2 Nd5 10. N2f3 Nxe3 11. fxe3 Qxe3 12. Rc1 O-O 13. a3 b6 14. c4 Bc5 15. Rc3 Qe4 16. O-O e5 17. Rd3 exd4 18. b4 Be7 19. Rxd4 Qe3+ 20. Kh1 Qxa3 21. Qb1 Qxb4 22. Qe4 Nc6 23. Bd3 f5 24. Qd5+ Kh8 25. Ne5 Qc5 26. Nf7+ Rxf7 27. Qxf7 Nxd4 28. Qe8+ Bf8 29. Be4 Bb7 30. Qxd7 Bxe4 0-1

[Event "FIDE WCCC Open-08 2024"]
[Site "Montesilvano"]
[Date "2024.11.18"]
[Round "3.25"]
[White "Mankovich, Yoav"]
[Black "Juzbasic, Marul"]
[Result "1-0"]
[ECO "C56"]
[WhiteElo "1490"]
[BlackElo "1726"]
[PlyCount "59"]
[EventDate "2024.11.18"]
[EventType "swiss"]
[EventCountry "ITA"]
[TimeControl "5400+30"]

1. e4 e5 2. Nf3 Nc6 3. Bc4 Bc5 4. c3 Nf6 5. d4 exd4 6. O-O d5 7. e5 dxc4 8. exf6 Qxf6 9. Re1+ Be6 10. Bg5 Qg6 11. cxd4 Bb4 12. Re2 Be7 13. Bxe7 Nxe7 14. d5 O-O-O 15. Ne5 Qf6 16. Nc3 Nxd5 17. Qa4 Nf4 18. Re4 Rd2 19. Qxa7 Kd8 20. Qe3 Rxb2 21. Rxf4 Qe7 22. Rd1+ Ke8 23. Qa7 Qd6 24. Rxd6 cxd6 25. Qb8+ Ke7 26. Qc7+ Ke8 27. Nxc4 Bxc4 28. Rxc4 g6 29. Qc8+ Ke7 30. Nd5# 1-0

[Event "FIDE WCCC Open-08 2024"]
[Site "Montesilvano"]
[Date "2024.11.18"]
[Round "3.26"]
[White "Kuncoro, Leo"]
[Black "Ramirez Mejia, Jose Gregorio"]
[Result "1-0"]
[ECO "B23"]
[WhiteElo "1726"]
[BlackElo "1489"]
[PlyCount "85"]
[EventDate "2024.11.18"]
[EventType "swiss"]
[EventCountry "ITA"]
[TimeControl "5400+30"]

1. e4 c5 2. Nc3 Nc6 3. Bb5 g6 4. Bxc6 bxc6 5. d3 Bg7 6. f4 e6 7. Nf3 Ne7 8. O-O O-O 9. Qe1 d5 10. Rb1 a5 11. b3 Rb8 12. Na4 dxe4 13. dxe4 Ba6 14. Rf2 c4 15. Bb2 Bxb2 16. Nxb2 cxb3 17. axb3 Qb6 18. Kh1 Rfd8 19. Rd2 Rxd2 20. Qxd2 Rd8 21. Qe1 Qb4 22. Qxb4 axb4 23. Rd1 Ra8 24. Rd7 Re8 25. Kg1 Kg7 26. Kf2 Kf6 27. g4 h6 28. Ra7 Bb5 29. h4 Kg7 30. Nd3 f5 31. exf5 Bxd3 32. cxd3 exf5 33. g5 hxg5 34. hxg5 Kf8 35. Ne5 Rd8 36. Rxe7 Kxe7 37. Nxc6+ Kd7 38. Nxd8 Kxd8 39. Ke3 Kc7 40. Kd4 Kb6 41. Kc4 Ka5 42. Kc5 Ka6 43. Kc6 1-0

[Event "FIDE WCCC Open-08 2024"]
[Site "Montesilvano"]
[Date "2024.11.18"]
[Round "3.27"]
[White "Vo, Daniel"]
[Black "Borkowski, Jan"]
[Result "1-0"]
[ECO "B82"]
[WhiteElo "1711"]
[BlackElo "1481"]
[PlyCount "107"]
[EventDate "2024.11.18"]
[EventType "swiss"]
[EventCountry "ITA"]
[TimeControl "5400+30"]

1. e4 c5 2. Nf3 e6 3. d4 cxd4 4. Nxd4 Nc6 5. Nc3 Qc7 6. Ndb5 Qb8 7. f4 a6 8. Nd4 d6 9. Be3 Nf6 10. Qf3 Qc7 11. Nxc6 bxc6 12. O-O-O Be7 13. Kb1 Rb8 14. g4 d5 15. exd5 cxd5 16. Bc1 d4 17. Ne4 Nxe4 18. Qxe4 Bb7 19. Qxd4 Bxh1 20. Qxg7 Rf8 21. Bxa6 Bd5 22. b3 Qc6 23. Bd3 Be4 24. Qe5 Rb4 25. Bc4 Qb7 26. Bb2 Rb6 27. f5 Bf3 28. Rd4 Qb8 29. Qe3 Ba8 30. fxe6 fxe6 31. Qh3 Rd6 32. Qh5+ Kd7 33. Bb5+ Bc6 34. Rxd6+ Qxd6 35. Bd3 Bd5 36. Qxh7 Ra8 37. g5 Qf4 38. Bc1 Qg4 39. Bb5+ Kd6 40. a4 Qf5 41. Ba3+ Ke5 42. Qxe7 Rc8 43. Qd6+ Kd4 44. Qb6+ Rc5 45. Qxc5+ Ke5 46. Qd6+ Kd4 47. Qb6+ Ke5 48. Bd6+ Ke4 49. Bd3+ Kf3 50. Bxf5 exf5 51. g6 Kg2 52. g7 Kh1 53. Qf2 Bxb3 54. Qf1# 1-0

[Event "FIDE WCCC Open-08 2024"]
[Site "Montesilvano"]
[Date "2024.11.18"]
[Round "3.28"]
[White "Saathvik Chakravarthy Ramayana"]
[Black "Guo, Philipp Ziming"]
[Result "0-1"]
[ECO "B22"]
[WhiteElo "1466"]
[BlackElo "2139"]
[PlyCount "112"]
[EventDate "2024.11.18"]
[EventType "swiss"]
[EventCountry "ITA"]
[TimeControl "5400+30"]

1. e4 c5 2. c3 d5 3. exd5 Qxd5 4. d4 Nf6 5. Nf3 Bg4 6. Be2 e6 7. h3 Bh5 8. Be3 cxd4 9. cxd4 Be7 10. Nc3 Qa5 11. Rc1 O-O 12. O-O Nc6 13. Qb3 Qb4 14. Qxb4 Nxb4 15. Bg5 Rac8 16. a3 Nbd5 17. Bxf6 Nxf6 18. g4 Bg6 19. Ne5 Rfd8 20. Nxg6 hxg6 21. Rfd1 a6 22. Bf3 Rc7 23. d5 exd5 24. Bxd5 Nxd5 25. Nxd5 Rxd5 26. Rxc7 Rxd1+ 27. Kg2 Bf6 28. Rxb7 Rb1 29. b4 Ra1 30. Ra7 Rxa3 31. b5 a5 32. b6 Rb3 33. b7 Kh7 34. Rxa5 Rxb7 35. g5 Bd4 36. Rd5 Ba7 37. Ra5 f6 38. gxf6 gxf6 39. Ra6 f5 40. Ra3 Kh6 41. Kf3 Kh5 42. Kg3 g5 43. Rf3 f4+ 44. Kg2 Rb2 45. Kg1 Kh4 46. Kg2 Bxf2 47. Rxf2 Rxf2+ 48. Kxf2 Kxh3 49. Kf3 g4+ 50. Kf2 f3 51. Kg1 g3 52. Kh1 g2+ 53. Kg1 Kg4 54. Kf2 Kf4 55. Kg1 Ke3 56. Kh2 Kf2 0-1

[Event "FIDE WCCC Open-08 2024"]
[Site "Montesilvano"]
[Date "2024.11.18"]
[Round "3.29"]
[White "Sivan, Leeor"]
[Black "Su, Milo"]
[Result "0-1"]
[ECO "B45"]
[WhiteElo "1464"]
[BlackElo "1696"]
[PlyCount "34"]
[EventDate "2024.11.18"]
[EventType "swiss"]
[EventCountry "ITA"]
[TimeControl "5400+30"]

1. e4 c5 2. Nf3 Nc6 3. d4 cxd4 4. Nxd4 Nf6 5. Nc3 e6 6. f3 d5 7. Bb5 Bd7 8. Bxc6 Bxc6 9. Qd3 Bc5 10. Be3 Qb6 11. Rb1 dxe4 12. fxe4 O-O-O 13. a4 Bxd4 14. Bxd4 Rxd4 15. Qf3 Nxe4 16. Qh3 Rhd8 17. Rf1 Nxc3 0-1

[Event "FIDE WCCC Open-08 2024"]
[Site "Montesilvano"]
[Date "2024.11.18"]
[Round "3.30"]
[White "Bisetto, Alessandro Federico"]
[Black "Kim, Rian B"]
[Result "1-0"]
[ECO "B90"]
[WhiteElo "1671"]
[BlackElo "1452"]
[PlyCount "107"]
[EventDate "2024.11.18"]
[EventType "swiss"]
[EventCountry "ITA"]
[TimeControl "5400+30"]

1. e4 c5 2. Nf3 d6 3. d4 cxd4 4. Nxd4 Nf6 5. Nc3 a6 6. Be3 e5 7. Nb3 Ng4 8. Bc4 Nxe3 9. fxe3 Be7 10. O-O O-O 11. Nd5 Nc6 12. Nxe7+ Nxe7 13. Qd2 b5 14. Be2 Bb7 15. Bf3 Ng6 16. Rfd1 Qb6 17. Kf2 Rfd8 18. Qa5 Qa7 19. Rd2 Nh4 20. Rad1 Qb8 21. Qb6 Nxf3 22. gxf3 Rc8 23. Rxd6 Rxc2+ 24. Kg1 Rc8 25. Na5 Bc6 26. Qxb8 Raxb8 27. Nxc6 f6 28. Nxb8 Rxb8 29. Rd8+ Rxd8 30. Rxd8+ Kf7 31. Ra8 Ke7 32. Rxa6 b4 33. Rb6 b3 34. Rxb3 Kd6 35. Rc3 g6 36. a4 f5 37. exf5 gxf5 38. a5 h6 39. a6 Kd7 40. a7 Ke7 41. b4 Kd7 42. b5 e4 43. a8=Q exf3 44. Qxf3 Ke6 45. b6 h5 46. Rc6+ Ke7 47. Rc7+ Ke6 48. Qc6+ Ke5 49. Qe8+ Kd5 50. Qd8+ Ke5 51. Re7+ Kf6 52. Qf8+ Kg5 53. Qg7+ Kh4 54. Qg3# 1-0

[Event "FIDE WCCC Open-08 2024"]
[Site "Montesilvano"]
[Date "2024.11.18"]
[Round "3.31"]
[White "Reclik, Jakub"]
[Black "Ok, Miro"]
[Result "1-0"]
[ECO "B53"]
[WhiteElo "1458"]
[BlackElo "1656"]
[PlyCount "121"]
[EventDate "2024.11.18"]
[EventType "swiss"]
[EventCountry "ITA"]
[TimeControl "5400+30"]

1. e4 c5 2. Nf3 d6 3. d4 cxd4 4. Qxd4 Nc6 5. Bb5 Bd7 6. Bxc6 bxc6 7. Nc3 Nf6 8. Bg5 g6 9. Bxf6 exf6 10. O-O Qe7 11. h3 Bg7 12. Rad1 c5 13. Qxd6 Qxd6 14. Rxd6 Ke7 15. Rfd1 Be6 16. Rc6 Rac8 17. Ra6 Rc7 18. Nb5 Rb7 19. Rxa7 Rhb8 20. a4 Bd7 21. Rxb7 Rxb7 22. c4 f5 23. e5 Bxb5 24. cxb5 Rd7 25. Rxd7+ Kxd7 26. Kh2 f6 27. exf6 Bxf6 28. b3 Bc3 29. Kg3 Kc7 30. Kf4 h6 31. Ne5 Bd2+ 32. Kf3 g5 33. Ke2 Bf4 34. Nc6 g4 35. h4 Bd6 36. Kd3 Bf8 37. Kc4 f4 38. Kd5 h5 39. Ke6 c4 40. bxc4 Bc5 41. f3 Bf2 42. Kf5 Bxh4 43. fxg4 hxg4 44. Kxf4 Kb6 45. Kxg4 Be1 46. Kf5 Bh4 47. Kg4 Be1 48. Kf5 Kc5 49. a5 Bf2 50. Ne5 Bh4 51. g4 Bd8 52. a6 Kb6 53. g5 Bxg5 54. Kxg5 Ka7 55. c5 Ka8 56. b6 Kb8 57. b7 Ka7 58. Nd7 {[%emt 0:00:00] Kb6 Ne5+ Ka7 Nd7 Kb6 Ne5+ Ka7 Nd7} Kxa6 59. b8=Q Ka5 60. Qb3 Ka6 61. Qb6# 1-0

[Event "FIDE WCCC Open-08 2024"]
[Site "Montesilvano"]
[Date "2024.11.18"]
[Round "3.32"]
[White "Vrsalovic Acuna. Stjepan Anton"]
[Black "Morais, Benjamin Guedes"]
[Result "1/2-1/2"]
[ECO "B17"]
[WhiteElo "1452"]
[BlackElo "1652"]
[PlyCount "303"]
[EventDate "2024.11.18"]
[EventType "swiss"]
[EventCountry "ITA"]
[TimeControl "5400+30"]

1. e4 c6 2. d4 d5 3. Nc3 dxe4 4. Nxe4 Nd7 5. Nf3 Ngf6 6. Nxf6+ Nxf6 7. Be2 Bg4 8. O-O e6 9. Be3 Be7 10. c4 O-O 11. Qc2 Bf5 12. Bd3 Bxd3 13. Qxd3 c5 14. Rad1 Qc7 15. dxc5 Bxc5 16. Bxc5 Qxc5 17. Qc3 Rac8 18. b3 b5 19. Rc1 Rc7 20. Qb2 Rb7 21. cxb5 Qxb5 22. Rc2 Rd7 23. Rd2 Rfd8 24. Rfd1 Rf8 25. Rf1 Rfd8 26. Rfd1 Rf8 27. Rf1 Rfd8 28. Rfd1 h6 29. h3 Rd5 30. Rxd5 Rxd5 31. Rxd5 Qxd5 32. Qd4 Qxd4 33. Nxd4 Nd5 34. Nc6 a6 35. Nb8 Nc3 36. a4 Ne2+ 37. Kf1 Nd4 38. Kg1 Ne2+ 39. Kf1 Nd4 40. b4 Kf8 41. Nxa6 Ke7 42. Nb8 Kf8 43. Na6 Ke7 44. b5 Kd6 45. f3 f5 46. Kf2 e5 47. Nb4 Kc5 48. Nd3+ Kd5 49. b6 Nc6 50. b7 Nb8 51. a5 Kd4 52. Nb4 Kc5 53. a6 Kb6 54. Ke3 g5 55. g4 f4+ 56. Ke4 Nd7 {[%emt 0:00:00] Ke3 Nb8+ Ke4 Nd7} 57. b8=Q+ Nxb8 58. Kxe5 Nxa6 59. Nxa6 Kxa6 60. Kf5 Kb5 61. Kg6 Kc4 62. Kxh6 Kd3 63. Kxg5 Ke3 64. h4 Kxf3 65. h5 Kg3 66. h6 f3 67. h7 f2 68. h8=Q f1=Q 69. Qc3+ Kg2 70. Qd2+ Kg3 71. Qc3+ Kg2 72. Qd2+ Kg3 73. Qc3+ Kg2 74. Qd2+ Kg3 75. Qe3+ Kg2 76. Qf4 Qb5+ 77. Qf5 Qe2 78. Kg6 Qe8+ 79. Kg5 Qe3+ 80. Kg6 Qe8+ 81. Qf7 Qb5 82. Qf5 Qe8+ 83. Kg5 Qe3+ 84. Kg6 Qe8+ 85. Qf7 Qe4+ 86. Kh5 Qe5+ 87. g5 Qh2+ 88. Kg6 Qd6+ 89. Qf6 Qd3+ {[%emt 0:00:00] Qf7 Qd6+ Qf6 Qd3+} 90. Kg7 Qd7+ 91. Kh6 Qh3+ 92. Kg6 Qd3+ 93. Kg7 Qd7+ 94. Kh6 Qh3+ 95. Kg7 Qd7+ 96. Kg6 Qd3+ 97. Kg7 Qd7+ 98. Kh6 Qh3+ 99. Kg7 Qd7+ 100. Qf7 Qd4+ 101. Kg6 Qd6+ 102. Qf6 Qd3+ 103. Kg7 Qd7+ 104. Kh6 Qh3+ 105. Kg7 Qd7+ 106. Qf7 Qd4+ 107. Kh6 Qh4+ 108. Qh5 Qf4 109. Kh7 Qf5+ 110. Qg6 Qd7+ 111. Qg7 Qb5 112. Qg6 Qd7+ 113. Qg7 Qh3+ 114. Kg8 Qe3 115. Kh7 Qh3+ 116. Kg8 Qc8+ 117. Qf8 Qe6+ 118. Qf7 Qc8+ 119. Kg7 Qc3+ 120. Qf6 Qc7+ 121. Kh6 Qh2+ 122. Kg6 Qc7 123. Qd4 Qe7 124. Qf6 Qd6 125. Kg7 Qd7+ 126. Kh6 Qh3+ 127. Kg7 Qd7+ 128. Qf7 Qd4+ 129. Kh6 Qh4+ 130. Qh5 Qf4 131. Kh7 Qf5+ 132. Qg6 Qd7+ 133. Qg7 Qh3+ 134. Kg8 Qc8+ 135. Qf8 Qe6+ 136. Qf7 Qc8+ 137. Kg7 Qc3+ 138. Qf6 Qc7+ 139. Kh6 Qh2+ 140. Kg6 Qc7 141. Qb2+ Kg3 142. Qb3+ Kg4 143. Qd1+ Kg3 144. Qb3+ Kg4 145. Qd1+ Kh4 146. Qh1+ Kg4 147. Qg2+ {[%emt 0:00:00] Kg3 Qb2 Kg4 Qb3} Kh4 {[%emt 0:00:00] Qd1 Kg4} 148. Qh1+ {[%emt 0:00:00] Kh4 Qg2} Kg3 {[%emt 0:00:00] Qb2 Kg4 Qb3 Kh4} 149. Qd1 {[%emt 0:00:00] Kg4 Qh1} Kh4 {[%emt 0:00:00] Qg2 Kg3 Qb2 Kg4} 150. Qb3 {[%emt 0:00:00] Kh4 Qd1} Kg4 {[%emt 0:41:00] Qh1 Kh4 Qg2 Kg3} 151. Qb2 {[%emt 0:00:00] Kg4 Qb3} Kh4 {[%emt 0:00:00] Qd1 Kg4 Qh1 Kh4} 152. Qg2 {[%emt 0:00:00] Kg3 Qb2 Kg4 Qb3 Kh4 Qd1 Kg4 Qh1 Kh4 Qg2} 1/2-1/2

[Event "FIDE WCCC Open-08 2024"]
[Site "Montesilvano"]
[Date "2024.11.18"]
[Round "3.33"]
[White "Sverrisson, Dagur"]
[Black "Huzela, Lukyan"]
[Result "0-1"]
[ECO "B40"]
[WhiteElo "1449"]
[BlackElo "1651"]
[PlyCount "96"]
[EventDate "2024.11.18"]
[EventType "swiss"]
[EventCountry "ITA"]
[TimeControl "5400+30"]

1. e4 c5 2. Nf3 e6 3. d3 Nc6 4. g3 Nf6 5. Bg2 Be7 6. O-O O-O 7. Bg5 d6 8. Bf4 e5 9. Bg5 h6 10. Be3 Ng4 11. h3 Nxe3 12. fxe3 Bg5 13. Nxg5 Qxg5 14. Qf3 Be6 15. c3 f5 16. h4 Qg6 17. h5 Qg5 18. Nd2 Bf7 19. Qxf5 Qxe3+ 20. Qf2 Qxf2+ 21. Rxf2 Bxh5 22. Raf1 b5 23. d4 cxd4 24. cxd4 Nxd4 25. b4 Ne2+ 26. Kh2 Rxf2 27. Rxf2 Rf8 28. Nf3 Nd4 29. g4 Bxg4 30. Kg3 Bxf3 31. Bxf3 Rxf3+ 32. Rxf3 Nxf3 33. Kxf3 g5 34. Kg4 Kg7 35. Kh5 Kf6 36. Kg4 Kg6 37. Kg3 Kh5 38. Kh3 g4+ 39. Kg2 Kh4 40. a3 g3 41. Kg1 Kh3 42. Kh1 g2+ 43. Kg1 Kg3 44. a4 bxa4 45. b5 a3 46. b6 a2 47. b7 a1=B 48. b8=N Bd4# 0-1

[Event "FIDE WCCC Open-08 2024"]
[Site "Montesilvano"]
[Date "2024.11.18"]
[Round "3.34"]
[White "Kortmann, Pedro Reck"]
[Black "Pera, Mikolaj"]
[Result "0-1"]
[ECO "B22"]
[WhiteElo "1630"]
[BlackElo "1446"]
[PlyCount "62"]
[EventDate "2024.11.18"]
[EventType "swiss"]
[EventCountry "ITA"]
[TimeControl "5400+30"]

1. e4 c5 2. c3 d5 3. exd5 Qxd5 4. d4 e6 5. Nf3 Nf6 6. Bd3 Nc6 7. O-O Be7 8. Re1 O-O 9. Bf4 Rd8 10. Be3 b6 11. Bb5 Bb7 12. Bxc6 Qxc6 13. Nbd2 Rac8 14. Qe2 h6 15. Qf1 Qd5 16. c4 Qd6 17. dxc5 bxc5 18. Rad1 Qc7 19. h3 Ba6 20. Nb3 Nd5 21. Qe2 Nxe3 22. Rxd8+ Rxd8 23. fxe3 Qd6 24. Qd2 Bxc4 25. Qxd6 Bxd6 26. Rd1 Bxb3 27. Ra1 Bd5 28. Nd2 Be5 29. Nb3 Bxb2 30. Rb1 Bxb3 31. axb3 Bc3 0-1

[Event "FIDE WCCC Open-08 2024"]
[Site "Montesilvano"]
[Date "2024.11.18"]
[Round "3.35"]
[White "Lee, David J"]
[Black "Nguyen Phuc Cao Danh"]
[Result "0-1"]
[ECO "B54"]
[WhiteElo "1446"]
[BlackElo "1627"]
[PlyCount "104"]
[EventDate "2024.11.18"]
[EventType "swiss"]
[EventCountry "ITA"]
[TimeControl "5400+30"]

1. e4 c5 2. Nf3 d6 3. Bc4 Nc6 4. d4 cxd4 5. Nxd4 g6 6. Nxc6 bxc6 7. Qd4 Nf6 8. e5 Qa5+ 9. Bd2 Qxe5+ 10. Qxe5 dxe5 11. Bc3 Nd7 12. Nd2 Bg7 13. O-O-O O-O 14. h4 Nb6 15. Bb3 Bf5 16. Rdg1 Nd5 17. Bxd5 cxd5 18. g4 Be6 19. Nf3 f6 20. h5 Rfc8 21. g5 d4 22. Bd2 f5 23. hxg6 hxg6 24. Nh4 Kf7 25. Kb1 Rab8 26. Nf3 Bd5 27. Rh3 Rh8 28. Rxh8 Rxh8 29. Ne1 e4 30. Bf4 e5 31. Bd2 Rh2 32. Kc1 Rxf2 33. Bb4 Bf8 34. Bxf8 Kxf8 35. Rh1 Kg7 36. a4 e3 37. Rh3 Be4 38. Kd1 Rd2+ 39. Kc1 Re2 40. Kd1 Rf2 41. b4 f4 42. b5 Bf5 43. Rh1 f3 44. a5 Rd2+ 45. Kc1 f2 46. Nd3 Be4 47. Nxf2 Rxc2+ 48. Kd1 Rxf2 49. Re1 Bf3+ 50. Kc1 d3 51. Rxe3 d2+ 52. Kb1 d1=Q# 0-1

[Event "FIDE WCCC Open-08 2024"]
[Site "Montesilvano"]
[Date "2024.11.18"]
[Round "3.36"]
[White "Batbileg, Boldbaatar"]
[Black "Melkonyan, Mark"]
[Result "0-1"]
[ECO "D53"]
[WhiteElo "1623"]
[BlackElo "1445"]
[PlyCount "152"]
[EventDate "2024.11.18"]
[EventType "swiss"]
[EventCountry "ITA"]
[TimeControl "5400+30"]

1. d4 d5 2. c4 e6 3. Nc3 Be7 4. Nf3 Nf6 5. Bg5 O-O 6. e3 h6 7. Bh4 c6 8. cxd5 Nxd5 9. Bxe7 Qxe7 10. e4 Nxc3 11. bxc3 Rd8 12. Be2 c5 13. O-O Nc6 14. d5 exd5 15. exd5 Qf6 16. c4 Bg4 17. Nd2 Bxe2 18. Qxe2 Nd4 19. Qd3 Qg6 20. Qxg6 fxg6 21. a4 Re8 22. Rab1 b6 23. Rfe1 Ne2+ 24. Kf1 Nc3 25. Ra1 Rxe1+ 26. Kxe1 Re8+ 27. Kf1 Re2 28. Nb1 Re8 29. Nd2 Re2 30. Nb1 Rc2 31. Na3 Rb2 32. Nb5 Re2 33. Na3 Rb2 34. Nb5 Rb1+ 35. Rxb1 Nxb1 36. Nd6 Kf8 37. Ne4 Na3 38. Nd2 Ke7 39. Ke2 Nc2 40. Kd3 Ne1+ 41. Ke4 Nxg2 42. Nb3 Ne1 43. Na1 Kd6 44. Nb3 Ke7 45. Na1 Kd6 46. h3 Ng2 47. Nc2 Nh4 48. Ne3 g5 49. Nf5+ Nxf5 50. Kxf5 a6 51. Ke4 g6 52. f3 h5 53. Kd3 b5 54. axb5 axb5 55. cxb5 Kxd5 56. Kc3 h4 57. Kb3 c4+ 58. Kb4 Kd4 59. b6 c3 60. b7 c2 61. b8=Q c1=Q 62. Qd8+ Ke5 63. Qb8+ Kf5 64. Qf8+ Ke5 65. Qe7+ Kf4 66. Qe4+ Kg3 67. Qg4+ Kh2 68. Qc8 Kg3 69. Qg4+ Kh2 70. Kb3 Qb1+ 71. Kc3 Qc1+ 72. Kd4 Qf4+ 73. Kc3 Qc1+ 74. Kd4 Qf4+ 75. Qxf4+ gxf4 76. Ke4 Kg3 0-1

[Event "FIDE WCCC Open-08 2024"]
[Site "Montesilvano"]
[Date "2024.11.18"]
[Round "3.37"]
[White "Smilga, Olivers"]
[Black "Khantulga, Tuvshinbayar"]
[Result "0-1"]
[ECO "C47"]
[WhiteElo "1439"]
[BlackElo "1611"]
[PlyCount "112"]
[EventDate "2024.11.18"]
[EventType "swiss"]
[EventCountry "ITA"]
[TimeControl "5400+30"]

1. e4 e5 2. Nf3 Nc6 3. d4 exd4 4. Nxd4 Nf6 5. Nc3 Bb4 6. Nxc6 bxc6 7. Bd3 d5 8. exd5 cxd5 9. O-O O-O 10. Bg5 c5 11. Qf3 Bb7 12. Bxf6 Qxf6 13. Qxf6 gxf6 14. Ne2 Rfe8 15. Ng3 c4 16. Be2 f5 17. Bf3 Re5 18. c3 Bd6 19. Rfe1 Rae8 20. Kf1 Kf8 21. Rxe5 Rxe5 22. Re1 f4 23. Rxe5 Bxe5 24. Ne2 Ke7 25. Ke1 Kd6 26. Kd2 Kc5 27. h3 Bc8 28. Kd1 Bf5 29. Kc1 d4 30. cxd4+ Bxd4 31. Nxd4 Kxd4 32. Kd2 f6 33. h4 h6 34. a3 a6 35. Bb7 a5 36. Bf3 Bd7 37. Bb7 Be8 38. Bf3 Bg6 39. Bc6 Bh5 40. Bf3 Bxf3 41. gxf3 h5 42. a4 Kc5 43. Kc3 f5 44. b3 cxb3 45. Kxb3 Kd4 46. Ka3 Kc3 47. Ka2 Kb4 48. Kb2 Kxa4 49. Ka2 Kb4 50. Kb2 Kc4 51. Ka3 Kd3 52. Ka4 Ke2 53. Kxa5 Kxf2 54. Kb4 Kxf3 55. Kc3 Ke2 56. Kc2 f3 0-1

[Event "FIDE WCCC Open-08 2024"]
[Site "Montesilvano"]
[Date "2024.11.18"]
[Round "3.38"]
[White "Movsisyan, Samvel"]
[Black "Kuncoro, Harvey"]
[Result "1-0"]
[ECO "B22"]
[WhiteElo "1604"]
[BlackElo "1432"]
[PlyCount "51"]
[EventDate "2024.11.18"]
[EventType "swiss"]
[EventCountry "ITA"]
[TimeControl "5400+30"]

1. e4 c5 2. c3 d5 3. exd5 Qxd5 4. d4 Nc6 5. Nf3 Bg4 6. Be2 e6 7. h3 Bxf3 8. Bxf3 Qd8 9. Be3 cxd4 10. cxd4 Nf6 11. Nc3 Nd5 12. Nxd5 exd5 13. O-O Qb6 14. Bxd5 O-O-O 15. Bxc6 bxc6 16. d5 Qb5 17. Qg4+ Kb7 18. dxc6+ Qxc6 19. Rac1 Qe6 20. Qa4 a6 21. Qa5 Rd7 22. Rc3 Ka8 23. Rb3 Qc4 24. Rc1 Qxb3 25. Qxa6+ Ra7 26. Qxa7# 1-0

[Event "FIDE WCCC Open-08 2024"]
[Site "Montesilvano"]
[Date "2024.11.18"]
[Round "3.39"]
[White "Ameen Akbar T A"]
[Black "Jevglevski, Lev"]
[Result "0-1"]
[ECO "C17"]
[WhiteElo "1579"]
[BlackElo "1602"]
[PlyCount "78"]
[EventDate "2024.11.18"]
[EventType "swiss"]
[EventCountry "ITA"]
[TimeControl "5400+30"]

1. e4 e6 2. d4 d5 3. Nc3 Bb4 4. e5 c5 5. f4 Nc6 6. Bb5 Qb6 7. Bxc6+ bxc6 8. Nf3 cxd4 9. Nxd4 c5 10. Nf3 d4 11. Bd2 dxc3 12. bxc3 Ba3 13. Rb1 Qa6 14. Be3 Ne7 15. Qd6 Qxd6 16. exd6 Nf5 17. Bf2 c4 18. O-O Bxd6 19. Rbd1 Bxf4 20. Rfe1 Bb7 21. Nd4 O-O-O 22. Nxf5 exf5 23. Bxa7 Rxd1 24. Rxd1 Rd8 25. Re1 Rd2 26. Re7 Rxg2+ 27. Kf1 Bxh2 28. Rxb7 Kxb7 29. Kxg2 Kxa7 30. Kxh2 Ka6 31. Kg3 g5 32. Kf3 g4+ 33. Kg3 Ka5 34. Kf4 h5 35. Kxf5 g3 36. Ke4 g2 37. Kd4 g1=Q+ 38. Kxc4 h4 39. a3 h3 0-1

[Event "FIDE WCCC Open-08 2024"]
[Site "Montesilvano"]
[Date "2024.11.18"]
[Round "3.41"]
[White "Bakirli, Matin"]
[Black "Thomas, Robert K"]
[Result "1-0"]
[ECO "B28"]
[WhiteElo "1578"]
[BlackElo "2166"]
[PlyCount "81"]
[EventDate "2024.11.18"]
[EventType "swiss"]
[EventCountry "ITA"]
[TimeControl "5400+30"]

1. e4 c5 2. Nf3 a6 3. d4 cxd4 4. Nxd4 Nf6 5. Nc3 e5 6. Nf3 Bb4 7. Qd3 O-O 8. a3 Bc5 9. Bg5 Qb6 10. Bxf6 Bxf2+ 11. Ke2 gxf6 12. Nd5 Qxb2 13. Rd1 Ba7 14. Nxf6+ Kh8 15. Nd5 d6 16. Nb4 a5 17. Qxd6 Nd7 18. Nd3 Qxc2+ 19. Rd2 Qa4 20. Nf2 Bxf2 21. Kxf2 Qxe4 22. Bb5 Rd8 23. Qe7 Qg6 24. Qxd8+ Kg7 25. Bxd7 Bxd7 26. Qxd7 Qb6+ 27. Ke2 Qa6+ 28. Qd3 Qe6 29. Qc3 Qa6+ 30. Ke1 Re8 31. Re2 f6 32. Qc7+ Kf8 33. Rf1 Qd3 34. Nxe5 Qb1+ 35. Kf2 Qf5+ 36. Kg1 Qh5 37. Nd7+ Kf7 38. Nxf6+ Kf8 39. Nxh5+ Kg8 40. Re4 Re6 41. Rxe6 1-0

[Event "FIDE WCCC Open-08 2024"]
[Site "Montesilvano"]
[Date "2024.11.18"]
[Round "3.45"]
[White "Chanishvili, Noa"]
[Black "Alloussi, Arian"]
[Result "0-1"]
[ECO "C28"]
[WhiteElo "1553"]
[BlackElo "1745"]
[PlyCount "136"]
[EventDate "2024.11.18"]
[EventType "swiss"]
[EventCountry "ITA"]
[TimeControl "5400+30"]

1. e4 e5 2. Nc3 Nf6 3. Bc4 Nc6 4. d3 Bc5 5. Be3 Bb6 6. h3 d6 7. Nge2 Be6 8. Bb3 h6 9. O-O Qd7 10. Bxb6 axb6 11. f4 O-O 12. Ba4 exf4 13. Nxf4 d5 14. exd5 Nxd5 15. Bxc6 Qxc6 16. Ncxd5 Bxd5 17. Nxd5 Qxd5 18. Kh1 Rxa2 19. Rxa2 Qxa2 20. Qc1 Qd5 21. Qf4 Qc5 22. Qd2 c6 23. Re1 Qd6 24. Qe2 f5 25. Qe7 Qxe7 26. Rxe7 Rf7 27. Re8+ Kh7 28. Re6 Rd7 29. b4 b5 30. Kg1 Rd4 31. Re5 Kg6 32. Re7 Rxb4 33. Rxb7 Rb1+ 34. Kh2 Rc1 35. c4 bxc4 36. dxc4 Rxc4 37. Rc7 f4 38. Rc8 c5 39. Rc6+ Kf5 40. Rc7 g5 41. Rc6 Rc2 42. Rc8 c4 43. Re8 c3 44. Rc8 Rc1 45. Re8 c2 46. Rc8 Ke4 47. Re8+ Kd3 48. Rd8+ Ke2 49. Re8+ Kf2 50. Rc8 h5 51. Rc4 Kf1 52. Rc5 g4 53. hxg4 hxg4 54. Rc4 g3+ 55. Kh3 Ke2 56. Kg4 f3 57. Re4+ Kd3 58. Rf4 fxg2 59. Rf3+ Ke2 60. Rxg3 g1=Q 61. Rxg1 Rxg1+ 62. Kf4 c1=Q+ 63. Ke4 Qe3+ 64. Kd5 Rd1+ 65. Kc4 Qd4+ 66. Kb5 Qc3 67. Ka4 Qb2 68. Ka5 Ra1# 0-1

[Event "FIDE WCCC Open-08 2024"]
[Site "Montesilvano"]
[Date "2024.11.18"]
[Round "3.46"]
[White "Arsenijevic, Matija"]
[Black "Contreras Salcedo, Samuel Esteban"]
[Result "1-0"]
[ECO "D30"]
[WhiteElo "1700"]
[BlackElo "1508"]
[PlyCount "93"]
[EventDate "2024.11.18"]
[EventType "swiss"]
[EventCountry "ITA"]
[TimeControl "5400+30"]

1. d4 Nf6 2. Nf3 d5 3. c4 e6 4. cxd5 Qxd5 5. Nc3 Bb4 6. Bd2 Bxc3 7. bxc3 Bd7 8. e3 Nc6 9. Bd3 a6 10. O-O b5 11. Qb3 Qd6 12. e4 e5 13. d5 Na5 14. Qb4 Qxb4 15. cxb4 Nb7 16. Nxe5 c5 17. dxc6 Be6 18. cxb7 Rb8 19. Bg5 Rxb7 20. Bxf6 gxf6 21. Nf3 Rg8 22. Kh1 h5 23. Nd4 Bd7 24. Nf5 Rh8 25. Nd6+ Ke7 26. Nxb7 h4 27. Nc5 Bc8 28. h3 Kd6 29. Rad1 Ke5 30. Be2 f5 31. exf5 Kf6 32. Rd2 Bxf5 33. Rfd1 Rg8 34. Rd6+ Kg7 35. R1d5 Bg6 36. Bh5 Re8 37. Bxg6 Re1+ 38. Kh2 fxg6 39. Rd7+ Kh6 40. Rd4 Kh5 41. R7d5+ Kh6 42. Rxh4+ Kg7 43. Re4 Rc1 44. Rd7+ Kf6 45. Re6+ Kf5 46. Rd5+ Kf4 47. Re4# 1-0

[Event "FIDE WCCC Open-08 2024"]
[Site "Montesilvano"]
[Date "2024.11.18"]
[Round "3.47"]
[White "Ranganathan, Aadith"]
[Black "Huang, Joshua Kai-En"]
[Result "1-0"]
[ECO "B52"]
[WhiteElo "1645"]
[BlackElo "1424"]
[PlyCount "59"]
[EventDate "2024.11.18"]
[EventType "swiss"]
[EventCountry "ITA"]
[TimeControl "5400+30"]

1. e4 c5 2. Nf3 d6 3. Bb5+ Bd7 4. Bxd7+ Qxd7 5. O-O e5 6. c4 Be7 7. Nc3 Nc6 8. Nd5 Bd8 9. d3 Nge7 10. Ne1 O-O 11. f4 f6 12. f5 Ba5 13. Nc2 Nxd5 14. cxd5 Nd4 15. Nxd4 exd4 16. Bf4 Bc7 17. Rf3 g5 18. fxg6 hxg6 19. Rg3 Kf7 20. Qf3 Rg8 21. Rf1 Raf8 22. Bh6 Qe7 23. Bxf8 Rxf8 24. Qg4 Rg8 25. Rgf3 Ke8 26. Rxf6 Ba5 27. Qc8+ Bd8 28. Re6 Rh8 29. Rxe7+ Kxe7 30. Qe6# 1-0

[Event "FIDE WCCC Open-08 2024"]
[Site "Montesilvano"]
[Date "2024.11.18"]
[Round "3.48"]
[White "Hakobyan, Sos"]
[Black "Schimming, Wilhelm"]
[Result "0-1"]
[ECO "B26"]
[WhiteElo "1806"]
[BlackElo "1628"]
[PlyCount "63"]
[EventDate "2024.11.18"]
[EventType "swiss"]
[EventCountry "ITA"]
[TimeControl "5400+30"]

1. e4 c5 2. Nc3 a6 3. g3 Nc6 4. Bg2 Nf6 5. d3 d6 6. h3 g6 7. Be3 Bg7 8. Qd2 O-O 9. Bh6 Nd4 10. Nge2 Bxh6 11. Qxh6 Nxc2+ 12. Kd2 Nxa1 13. Rxa1 Qb6 14. b3 c4 15. dxc4 Qxf2 16. Bh1 Nh5 17. g4 Ng3 18. Rg1 Nxe2 19. Nxe2 Qf6 20. Rc1 Bd7 21. e5 dxe5 22. Bxb7 Rad8 23. Ke1 Qb6 24. Bg2 Bc6 25. Bxc6 Qxc6 26. Qe3 Qh1+ 27. Kf2 Qh2+ 28. Ke1 e4 29. Qxe4 Qxh3 30. Rc3 Qh4+ 31. Rg3 Qf6 32. Qc2 0-1